 Dungeon Sprint DCSS version 0.22.1-1-ga44c0e56f4 (webtiles) character file.

253 MuseOD the Unseen (level 5, -16/32 HPs)
             Began as a Spriggan Enchanter on Oct 4, 2018.
             Demolished by a redback (17 damage)
             ... summoned by a deep elf mage
             ... in the Dungeon (Sprint III: "The Ten Rune Challenge").
             The game lasted 00:02:39 (1214 turns).

MuseOD the Unseen (Spriggan Enchanter)              Turns: 1214, Time: 00:02:40

Health: -16/32     AC:  2    Str:  4    XL:     5   Next: 90%
Magic:  2/10       EV: 17    Int: 18    God:
Gold:   19         SH:  0    Dex: 16    Spells: 3/9 levels left

rFire    . . .     SeeInvis +   p - +0 dagger (holy)
rCold    . . .     Gourm    .   (shield restricted)
rNeg     . . .     Faith    .   b - +0 robe
rPois    .         Spirit   .   (helmet restricted)
rElec    .         Reflect  .   (no cloak)
rCorr    .         Harm     .   (gloves unavailable)
MR       .....     NoTele   +   (boots unavailable)
Stlth    ++++++....             (no amulet)
HPRegen  0.10/turn              (no ring)
MPRegen  0.12/turn              (no ring)

@: drained, very quick
A: very small, unfitting armour, see invisible, herbivore, speed 3, slow
metabolism 2
a: no special abilities


You were in the Dungeon.
You were not hungry.

You visited 1 branch You collected 19 gold pieces.

Inventory:

Hand Weapons
 a - a +1 dagger
 p - a +0 dagger of holy wrath (weapon)
Armour
 b - a +0 robe (worn)
Scrolls
 j - a scroll of blinking
 k - 2 scrolls of holy word {unknown}
 l - 2 scrolls of identify {unknown}
 m - 3 scrolls of remove curse
Potions
 c - a potion of lignification {unknown}
 e - a potion of curing
 f - 2 potions of heal wounds
 g - a potion of haste
 h - 2 potions of magic
 i - a potion of berserk rage
 n - a potion of flight {unknown}
 o - 6 potions of mutation
Comestibles
 d - 3 rations


   Skills:
 + Level 5.7(5.2) Fighting
 - Level 1.1(0.6) Short Blades
 - Level 3.0(2.4) Dodging
 * Level 15.1(14.4) Stealth
 - Level 2.6(2.1) Spellcasting
 - Level 3.6(3.1) Hexes


You had 3 spell levels left.
You knew the following spells:

 Your Spells              Type           Power        Failure   Level  Hunger
a - Corona                Hex            ##.....      4%          1    #......
b - Ensorcelled Hibernat  Hex/Ice        #.....       14%         2    ###....
c - Confuse               Hex            ##......     16%         3    ###....

Your spell library contained the following spells:

 Spells                   Type           Power        Failure   Level  Hunger
 Tukima's Dance           Hex            ##......     16%         3    ###....
 Dazzling Spray           Conj/Hex       #.....       28%         3    ###....


Dungeon Overview and Level Annotations

Branches:
Dungeon (1/1)

Altars:
Dithmenos
Elyvilon
Ru
Yredelemnul
Zin
The Shining One
Beogh


Innate Abilities, Weirdness & Mutations

You are very small and have problems with some larger weapons.
You are too small for most types of armour.
You have supernaturally acute eyesight. (SInv)
You are a herbivore.
You cover ground extremely quickly.
You need to consume almost no food.


Message History

The hellwing barely misses you. x2
Your unstable footing causes you to fumble your attack.
The redback bites you but does no damage.
The jumping spider leaps!
The hellwing hits you!
* * * LOW HITPOINT WARNING * * *
The hellwing barely misses you. The redback closely misses you.
The jumping spider leaps!
The hellwing swoops through the air toward you!
The hellwing hits you but does no damage.
The hellwing hits you.
* * * LOW HITPOINT WARNING * * *
The jumping spider leaps!
Unknown command.
Unknown command.
Unknown command.
You are too injured to fight recklessly!
You are too injured to fight recklessly!
You barely miss the hellwing. The redback bites you!
Ouch! That really hurt!
You die...

▓▓▓▓▓▓▓▓▓▓▓▓ ▓▓▓
▓<.#..'....♣ ♣.##### #
▓..#..#....♣ ♣♣.#___# #
▓#'####..4.♣♣ ♣..#...# _)#
▓.....#...@≈♣♣ ♣..###'#p###
▓.....#...≈s§♣♣♣p.#........
▓....(#..≈≈ep♣..♣.p.⌠......
▓####'#..≈≈≈4s4.♣.#...#####
▓.....#.≈≈≈≈≈≈....#.⌠.#
▓.....#.≈≈≈≈≈.....#...#
▓.....#.≈≈≈.......#+###
▓'#####...........#
▓.[...............#


You could see an orange demon, a hellwing, a rust devil, a deep elf mage, a
human (berserk), a jumping spider and a redback.

Vanquished Creatures
  A necrophage (D)
  A water elemental (D)
  A scorpion (D)
  A necromancer (D)
  A human (D)
  2 oozes (D)
  2 rats (D)
9 creatures vanquished.

Vanquished Creatures (others)
  2 draconian scorchers (D)
  6 hellions (D)
  A yaktaur (D)
  3 plants (D)
12 creatures vanquished.

Grand Total: 21 creatures vanquished

Notes
Turn   | Place    | Note
-------+----------+-------------------------------------------
     0 | D        | MuseOD the Spriggan Enchanter began the quest for the Orb.
     0 | D        | Reached XP level 1. HP: 9/9 MP: 5/5
    10 | D        | Reached skill level 1 in Fighting
    10 | D        | Reached skill level 6 in Stealth
    30 | D        | Killed a yaktaur
    98 | D        | Killed a hellion
    99 | D        | Killed a hellion
    99 | D        | Killed a hellion
   100 | D        | Killed a hellion
   100 | D        | Killed a hellion
   155 | D        | Killed a white draconian scorcher
   170 | D        | Killed a white draconian scorcher
   195 | D        | Killed a hellion
   266 | D        | Reached skill level 7 in Stealth
   266 | D        | Reached XP level 2. HP: 15/15 MP: 6/6
   270 | D        | Learned a level 2 spell: Ensorcelled Hibernation
   316 | D        | Reached skill level 8 in Stealth
   316 | D        | Reached XP level 3. HP: 12/19 MP: 6/8
   436 | D        | Learned a level 3 spell: Confuse
   486 | D        | Noticed a scorpion
   493 | D        | Killed a scorpion
   493 | D        | Reached skill level 11 in Stealth
   493 | D        | Reached XP level 4. HP: 25/25 MP: 9/9
   520 | D        | Noticed a water elemental
   523 | D        | Killed a water elemental
   523 | D        | Reached skill level 12 in Stealth
   523 | D        | Reached XP level 5. HP: 30/30 MP: 10/10
   531 | D        | Found a basalt altar of Yredelemnul.
   531 | D        | Found a shadowy altar of Dithmenos.
   531 | D        | Found a sacrificial altar of Ru.
   531 | D        | Noticed a necrophage
   538 | D        | Killed a necrophage
   538 | D        | Reached skill level 5 in Fighting
   538 | D        | Reached skill level 14 in Stealth
   859 | D        | Reached skill level 15 in Stealth
   973 | D        | Found a glowing silver altar of Zin.
   973 | D        | Found a glowing golden altar of the Shining One.
   973 | D        | Found a white marble altar of Elyvilon.
   973 | D        | Noticed a deep elf mage
  1041 | D        | Noticed a demonic crawler
  1194 | D        | Found a roughly hewn altar of Beogh.
  1194 | D        | Noticed a human
  1195 | D        | Noticed a human
  1203 | D        | Noticed a rust devil
  1205 | D        | Noticed a jumping spider
  1205 | D        | Noticed a redback
  1208 | D        | Noticed an orange demon
  1209 | D        | Noticed a hellwing
  1213 | D        | HP: 1/32 [hellwing[a deep elf mage] (5)]
  1214 | D        | Demolished by a redback

Skill      XL: |  1  2  3  4  5 |
---------------+----------------+-----
Fighting       | 1 2 3 4 5 |  5.7
Stealth        | 7 8 11 12 15 | 15.1
Short Blades   | |  1.1
Dodging        | |  3.0
Spellcasting   | |  2.6
Hexes          | |  3.6

Action                   |  1- 3 |  4- 6 || total
-------------------------+-------+-------++-------
Melee: Dagger            |    29 |     9 ||    38
 Cast: Ensorcelled Hiber |     1 |    12 ||    13
       Confuse           |       |    11 ||    11
 Stab: Distracted        |     1 |       ||     1
       Sleeping          |     3 |     2 ||     5
       Confused          |       |     1 ||     1
Armor: Robe              |     1 |     5 ||     6
Dodge: Dodged            |    21 |    17 ||    38
